 Dungeon Sprint DCSS version 0.30.1-11-g7821555f0a (webtiles) character file.

Game seed: 5068923391388297651

78 Groucho the Shield-Bearer (level 4, -1/39 HPs)
             Began as a Formicid Fighter on Jan 4, 2024.
             Was an Initiate of Cheibriados.
             Slain by a two-headed ogre
             ... wielding a +0 giant spiked club
              (20 damage)
             ... in the Dungeon (Sprint IX: "|||||||||||||||||||||||||||||").
             The game lasted 00:01:28 (352 turns).

Groucho the Shield-Bearer (Formicid Fighter)         Turns: 352, Time: 00:01:29

Health: -1/39      AC: 21    Str: 29    XL:     4   Next: 61%
Magic:  7/7        EV:  7    Int:  9    God:    Cheibriados [......]
Gold:   0          SH:  5    Dex: 14    Spells: 3/3 levels left

rFire   . . .        o - +2 halberd (protect)
rCold   . . .        c - +0 buckler
rNeg    . . .        m - +0 plate armour
rPois   .            (helmet unavailable)
rElec   .            l - +0 cloak
rCorr   .            k - +0 pair of gloves
SInv    +            (no boots)
Will    .....        (no amulet) Stlth
                     b - +3 ring of strength
HPRegen 0.26/turn    n - +3 ring of strength
MPRegen 0.10/turn

%: no passive effects
@: under a protective aura, invisible, very slow
A: permanent stasis, dig shafts and tunnels, antennae 3, four strong arms
a: Dig, Renounce Religion


You were in the Dungeon.
You worshipped Cheibriados.
Cheibriados was noncommittal.
You visited 1 branch

Inventory:

Hand Weapons
 o - a +2 halberd of protection (weapon)
Armour
 c - a +0 buckler (worn)
 k - a +0 pair of gloves (worn)
 l - a +0 cloak (worn)
 m - a +0 plate armour (worn)
Jewellery
 b - a +3 ring of strength (left hand)
 n - a +3 ring of strength (right hand)
Wands
 j - a wand of roots (10)
Scrolls
 h - 2 scrolls of blinking
 i - 2 scrolls of amnesia
Potions
 e - 5 potions of curing
 f - 2 potions of heal wounds
 g - 4 potions of magic


   Skills:
 + Level 5.1 Fighting
 + Level 4.1 Polearms
 + Level 5.1 Armour
 + Level 6.2 Shields
 + Level 4.0 Invocations


You had 3 spell levels left.
You didn't know any spells.
Your spell library was empty.

Dungeon Overview and Level Annotations

Branches:
Dungeon (1/1)

Altars:
Cheibriados
Dithmenos
Elyvilon
Fedhas
Gozag
Hepliaklqana
Kikubaaqudgha
Makhleb
Nemelex Xobeh
Okawaru
Qazlal
Ru
Sif Muna
Trog
Uskayaw
Vehumet
Wu Jian
Xom
Yredelemnul
Zin
The Shining One
Jiyva
Lugonu


Innate Abilities, Weirdness & Mutations

You cannot be hasted, slowed, berserked, paralysed or teleported.
You can dig through walls and to a lower floor.
You have a pair of large antennae on your head. (SInv)
Your four strong arms can wield two-handed weapons with a shield.


Message History

You barely miss the two-headed ogre.
The two-headed ogre is moderately wounded.
The orc wizard shouts!
The killer bee buzzes angrily.
Unknown command.
Unknown command.
You closely miss the killer bee.
The orc wizard shouts!
The killer bee buzzes angrily.
The killer bee closely misses you.
Unknown command.
Unknown command.
You strike the helpless killer bee from behind!
You puncture the killer bee!
The killer bee is heavily wounded.
The orc wizard shouts!
The killer bee stings you but does no damage. x2
Unknown command.
You barely miss the killer bee.
The killer bee is heavily wounded.
The killer bee stings you but does no damage. x2
Unknown command.
You hit the two-headed ogre.
The two-headed ogre is moderately wounded.
Unknown command.
You catch the helpless two-headed ogre completely off-guard!
You hit the two-headed ogre.
The two-headed ogre is heavily wounded.
The two-headed ogre hits you but does no damage.
The two-headed ogre hits you with a +0 giant club!
Unknown command.
You are too injured to fight recklessly!
Unknown command.
You are too injured to fight recklessly!
Unknown command.
You are too injured to fight recklessly!
Unknown command.
You hit the two-headed ogre.
The two-headed ogre is heavily wounded.
The two-headed ogre hits you with a +0 giant spiked club!!
Ouch! That really hurt!
You die... { {{{{{{{{ {{{{{{{ ▓▓▓▓▓▓▓▓▓▓▓▓▓▓▓▓▓▓▓▓▓▓▓▓ .oooWyO@.[...)..'_______ ▓▓▓▓▓▓▓▓▓▓▓▓▓▓▓▓▓▓▓▓▓▓▓▓

You could see a two-headed ogre (unable to see you), a wraith, an orc warrior (unable to see you), a killer bee (unable to see you), an orc priest (unable to see you) and an orc wizard (unable to see you).

Vanquished Creatures
  2 hounds (D)
  An adder (D)
  A dart slug (D)
  2 orcs (D)
  A bat (D)
  A giant cockroach (D)
  A hobgoblin (D)
  A kobold (D)
10 creatures vanquished.

Notes
Turn   | Place    | Note
-------+----------+-------------------------------------------
     0 | D        | Groucho the Formicid Fighter began the quest for the Orb.
     0 | D        | Reached XP level 1. HP: 18/18 MP: 1/1
     5 | D        | Reached skill level 1 in Invocations
    11 | D        | Reached XP level 2. HP: 20/25 MP: 1/3
   239 | D        | Reached skill level 5 in Shields
   239 | D        | Reached XP level 3. HP: 30/30 MP: 4/4
   244 | D        | Reached XP level 4. HP: 38/38 MP: 4/6
   249 | D        | Reached skill level 5 in Fighting
   249 | D        | Reached skill level 5 in Armour
   249 | D        | Reached skill level 6 in Shields
   255 | D        | Found a snail-covered altar of Cheibriados.
   255 | D        | Found a shadowy altar of Dithmenos.
   255 | D        | Found a white marble altar of Elyvilon.
   255 | D        | Found a blossoming altar of Fedhas.
   255 | D        | Found an opulent altar of Gozag.
   256 | D        | Found a hazy altar of Hepliaklqana.
   257 | D        | Found a viscous altar of Jiyva.
   258 | D        | Found an ancient bone altar of Kikubaaqudgha.
   259 | D        | Became a worshipper of Cheibriados the Contemplative
   260 | D        | Found a corrupted altar of Lugonu.
   261 | D        | Found a burning altar of Makhleb.
   262 | D        | Found a sparkling altar of Nemelex Xobeh.
   263 | D        | Found an iron altar of Okawaru.
   264 | D        | Found a stormy altar of Qazlal.
   265 | D        | Found a sacrificial altar of Ru.
   266 | D        | Found a shimmering blue altar of Sif Muna.
   267 | D        | Found a bloodstained altar of Trog.
   268 | D        | Found a hide-covered altar of Uskayaw.
   269 | D        | Found a radiant altar of Vehumet.
   270 | D        | Found an ornate altar of the Wu Jian Council.
   271 | D        | Found a shimmering altar of Xom.
   272 | D        | Found a basalt altar of Yredelemnul.
   273 | D        | Found a glowing silver altar of Zin.
   274 | D        | Found a glowing golden altar of the Shining One.
   340 | D        | Noticed an orc warrior
   340 | D        | Noticed a wraith
   340 | D        | Noticed a two-headed ogre
   352 | D        | Slain by a two-headed ogre

Illustrated notes

Levels and vault maps discovered:
D:        linesprint [early_d, line_temple, items_1, d_10, items_2, lair_1,
          lair_end, items_3, orc_1, orc_end, items_4, d_15, swamp_1, shoals_1,
          snake_1, spider_1, d_20, vaults_1, items_5, swamp_end, shoals_end,
          snake_end, spider_end, vaults_end, d_27, items_6, zot_1, zot_end,
          crypt_end, forest_end, elf_end, slime_end, tomb_end, abyss_end,
          pan_hell_end]

Skill      XL: |  1  2  3  4 |
---------------+-------------+-----
Invocations    | 1 2 3 4 |  4.0
Fighting       | 4 5 |  5.1
Polearms       | 3 4 |  4.1
Armour         | 4 5 |  5.1
Shields        | 5 6 |  6.2

Action                     |  1- 3 |  4- 6 || total
---------------------------+-------+-------++-------
  Melee: Trident           |    24 |     5 ||    29
         Halberd           |       |    11 ||    11
    Use: Potion            |     1 |     2 ||     3
   Stab: Invisible         |       |     3 ||     3
 Armour: Scale mail        |    11 |       ||    11
         Plate armour      |       |     6 ||     6
  Dodge: Dodged            |    11 |     4 ||    15
  Block: Buckler           |     4 |     4 ||     8
